 Dungeon Crawl Stone Soup version 0.20-a0-493-g19c8d8d (webtiles) character file.

119 Asddderdsw the Magician (level 4, -14/34 HPs)
             Began as a Draconian Wanderer on Jan 18, 2017.
             Killed from afar by an orc wizard (20 damage)
             ... with a wand of lightning (?/15)
             ... on level 3 of the Dungeon.
             The game lasted 00:13:02 (1975 turns).

Asddderdsw the Magician (Draconian Wanderer)        Turns: 1975, Time: 00:13:07

Health: -14/34     AC:  7    Str: 18    XL:     4   Next: 73%
Magic:  9/10       EV: 12    Int: 15    God:
Gold:   88         SH:  0    Dex: 10    Spells: 10/11 levels left

rFire    . . .     SeeInvis .   g - +2 short sword (vamp)
rCold    . . .     Gourm    .   (armour unavailable)
rNeg     . . .     Faith    .   (no shield)
rPois    .         Spirit   .   (helmet restricted)
rElec    .         Reflect  .   k - +0 cloak
rCorr    .         Harm     .   (no gloves)
MR       .....                  i - +0 pair of boots
Stlth    +.........             (no amulet)
Regen    0.2/turn               (no ring)
                                (no ring)

@: mighty
A: unfitting armour, cold-blooded, AC +5
a: no special abilities


You were on level 3 of the Dungeon.
You were hungry.

You visited 1 branch of the dungeon, and saw 3 of its levels.

You collected 88 gold pieces.

Inventory:

Hand Weapons
 d - a +0 blowgun
 g - a +2 vampiric short sword (weapon)
Missiles
 c - 27 poisoned needles
 e - a throwing net (quivered)
 f - 92 stones
Armour
 i - a +0 pair of boots (worn)
 k - a +0 cloak (worn)
Scrolls
 j - a scroll of amnesia {unknown}
 l - a scroll of identify {unknown}
 n - 2 scrolls of teleportation {unknown}
 o - a scroll of fog {unknown}
 q - a scroll of enchant armour {unknown}
 s - a scroll of remove curse {unknown}
Potions
 p - a potion of berserk rage {unknown}
 r - a potion of haste {unknown}
 t - a potion of heal wounds {unknown}
Books
 a - a book of Geomancy

   Spells                             Type                      Level
   a - Sandblast                      Earth                        1
   b - Passwall                       Transmutation/Earth          2
   c - Stone Arrow                    Conjuration/Earth            3
   d - Petrify                        Transmutation/Earth          4
   e - Lee's Rapid Deconstruction     Earth                        5
 b - the Volume of Protection

   Spells                             Type                      Level
   a - Repel Missiles                 Charms/Air                   2
   b - Shroud of Golubria             Charms/Translocation         2
Comestibles
 u - a bread ration
 v - a meat ration


   Skills:
 + Level 0.4 Fighting
 + Level 1.5 Short Blades
 + Level 2.2 Throwing
 + Level 1.2 Dodging
 + Level 0.2 Stealth
 + Level 4.0 Spellcasting
   Level 2.0 Conjurations
   Level 3.0 Transmutations
 + Level 1.3 Earth Magic


You had 10 spell levels left.
You knew the following spells:

 Your Spells              Type           Power        Failure   Level  Hunger
a - Sandblast             Erth           #.....       12%         1    None


Dungeon Overview and Level Annotations

Branches:
Dungeon (3/15)

Altars:


Innate Abilities, Weirdness & Mutations

Your plain brown scales are hard. (AC +5)
You cannot fit into any form of body armour.
You are cold-blooded and may be slowed by cold attacks.


Message History

You hear a zap.
A bolt of lightning appears from out of thin air!
The bolt of lightning hits you! Something hits you.
You hear some strange, mumbled words.
A magic dart appears from out of thin air!
The magic dart hits you!
You hit something.
You hear some strange, mumbled words.
A puff of frost appears from out of thin air!
The puff of frost hits you!
* * * LOW HITPOINT WARNING * * *
Something hits you but does no damage.
Unknown command.
It was a potion of might.
You feel very mighty all of a sudden.
You hear a zap.
A bolt of lightning appears from out of thin air!
The bolt of lightning misses you. The bolt of lightning hits you!
Ouch! That really hurt!
You die...

.#. ####..#
.o## #..#
#.....# ...##
#..####
#.###.. ...#
#..... .. #.#
#..# #...###
..#.###.#
#..# #.....
.........
#.(####.#.#.#
..####.##
#........(..#
#..##
##....{@#....
#.#...
######.# #
#..###
#.####... # .
#........ ..
#.####...
#..# #.# #.#
#..# #.# #.#
#..###
#.#####.#
#.....
#....##.#
#.####


There were no monsters in sight!

Vanquished Creatures
  6 adders (D:2)
  2 worms (D:2)
  A dart slug (D:1)
  3 leopard geckos
  An orc (D:3)
  7 bats
  3 giant cockroaches
  8 goblins
  6 hobgoblins
  4 jackals (D:1)
  3 kobolds
  4 frilled lizards
  5 rats
53 creatures vanquished.

Notes
Turn   | Place    | Note
-------+----------+-------------------------------------------
     0 | D:1      | Asddderdsw the Draconian Wanderer began the quest for the Orb.
     0 | D:1      | Asddderdsw set off with: a book of Geomancy, the Volume of Protection, 7 poisoned needles, a +0 blowgun, a bread ration
     0 | D:1      | Reached XP level 1. HP: 14/14 MP: 4/4
     2 | D:1      | Learned a level 1 spell: Sandblast
   163 | D:1      | Reached XP level 2. HP: 20/20 MP: 6/6
   904 | D:1      | Reached XP level 3. HP: 26/26 MP: 8/8
  1037 | D:2      | Reached skill level 1 in Short Blades
  1226 | D:2      | Found a faded altar of an unknown god.
  1234 | D:2      | Reached XP level 4. HP: 33/33 MP: 4/9
  1236 | D:2      | Reached skill level 1 in Dodging
  1236 | D:2      | Reached skill level 1 in Earth Magic
  1842 | D:3      | Reached skill level 4 in Spellcasting
  1975 | D:3      | Killed from afar by an orc wizard

Vault maps used:
D:1:      evilmike_arrival_home_sweet_home, minmay_misc_feat_diagonals,
          minmay_door_square
D:2:      chequers_ecumenical_altar_simple_redux
D:3:      evilmike_ruin_ashenzari

Skill      XL: |  1  2  3  4 |
---------------+-------------+-----
Throwing       | 2 |  2.2
Short Blades   | 1 |  1.5
Dodging        | 1 |  1.2
Earth Magic    | 1 |  1.3
Spellcasting   | 4 |  4.0
Fighting       | |  0.4
Stealth        | |  0.2
Conjurations   | |  2.0
Transmutations | |  3.0

Action                   |  1- 3 |  4- 6 || total
-------------------------+-------+-------++-------
Melee: Short sword       |    90 |    46 ||   136
       Tailslap          |     8 |     3 ||    11
 Fire: Blowgun           |     6 |       ||     6
 Cast: Sandblast         |    18 |     8 ||    26
  Use: Potion            |       |     1 ||     1
  Eat: Bread ration      |     1 |       ||     1
       Chunk             |     1 |     2 ||     3
Armor: Skin              |    38 |    20 ||    58
Dodge: Dodged            |    59 |    46 ||   105
